 Dungeon Crawl Stone Soup version 0.29-a0-886-gfb1a3fa8b1 (webtiles) character file.

Game seed: 18185141501327692386

16 RepoMan the Shooter (level 2, 0/16 HPs)
             Began as a Deep Elf Arcane Marksman on July 21, 2022.
             Slain by an adder (1 damage)
             ... on level 2 of the Dungeon.
             The game lasted 00:03:03 (963 turns).

RepoMan the Shooter (Deep Elf Arcane Marksman)       Turns: 963, Time: 00:03:04

Health: 0/16       AC:  4    Str:  7    XL:     2   Next: 37%
Magic:  6/6        EV: 12    Int: 15    God:
Gold:   16         SH:  0    Dex: 15    Spells: 3/4 levels left

rFire   . . .      SeeInvis .   y - +0 sling (venom)
rCold   . . .      Faith    .   (no shield)
rNeg    . . .      Spirit   .   c - +0 robe
rPois   .          Reflect  .   (no helmet)
rElec   .          Harm     .   (no cloak)
rCorr   .          Rampage  .   (no gloves)
Will    +....                   (no boots)
Stlth   +.........              (no amulet)
HPRegen 0.05/turn               (no ring)
MPRegen 0.10/turn               (no ring)

@: brilliant, lethally poisoned (0 -> -11), attractive
A: iridescent scales 1, dopey 1, strong-willed 1
a: no special abilities


You were on level 2 of the Dungeon.
You visited 1 branch of the dungeon, and saw 2 of its levels.

You collected 16 gold pieces.

Inventory:

Hand Weapons
 y - a +0 sling of venom (weapon)
Armour
 c - a +0 robe (worn)
Jewellery
 e - a ring of fire
 g - a ring of magical power
Scrolls
 b - a scroll of vulnerability
 d - a scroll of identify
 i - a scroll of fog


   Skills:
 - Level 0.7 Fighting
 * Level 4.1 Ranged Weapons
 - Level 2.4 Dodging
 - Level 1.5 Spellcasting
 - Level 4.0 Hexes


You had 3 spell levels left.
You knew the following spells:

 Your Spells              Type           Power      Damage    Failure   Level
w - Slow                  Hex            76%        N/A       4%          1

Your spell library contained the following spells:

 Spells                   Type           Power      Damage    Failure   Level
 Inner Flame              Hex/Fire       10%        N/A       30%         3
 Portal Projectile        Hex/Tloc       20%        N/A       30%         3
 Cause Fear               Hex            9%         N/A       41%         4


Dungeon Overview and Level Annotations

Branches:
Dungeon (1/15)

Altars:

Annotations:
D:2 Robin


Innate Abilities, Weirdness & Mutations

You are partially covered in iridescent scales. (AC +2)
You are dopey. (Int -2)
You are strong-willed. (Will+)


Message History

You are poisoned.
The adder poisons you!
As you read the scroll labelled JUTSAC OCOTA, it crumbles to dust.
It is a scroll of brand weapon.
Your +0 sling drips with poison.
y - a +0 sling of venom (weapon)
You feel sick. The adder bites you.
You are more poisoned.
The adder poisons you! The goblin hits you with a +0 club.
Okay, then.
It was a potion of heal wounds.
You feel much better.
You feel sick.
The goblin no longer looks unusually strong.
The adder closely misses you. The goblin hits you with a +0 club.
The goblin misses you.
Okay, then.
It was a potion of mutation.
You feel extremely strange.
You feel stupid.
Iridescent scales grow over part of your body.
You feel strong-willed.
You feel sick. The adder closely misses you. The goblin misses you.
The goblin hits you but does no damage. The adder bites you.
You feel much better.
You feel sick. The goblin hits you with a +0 club. The adder bites you.
You are more poisoned.
The adder poisons you! The goblin barely misses you.
It was a potion of brilliance.
You feel clever all of a sudden.
You feel sick.
The goblin no longer looks unusually strong.
The adder bites you.
You are more poisoned.
The adder poisons you! The goblin hits you with a +0 club.
* * * LOW HITPOINT WARNING * * *
The goblin hits you but does no damage.
It was a potion of attraction.
You feel attractive to monsters.
* * * LOW HITPOINT WARNING * * *
You feel very sick. The adder bites you.
You die...

######.# ..# ####.#
... #.# #..... .. ..#
#.###. #.#.. #.# #.#
#. #.#?###.# # #.###.
#.#..##.# ... #..[..
.##....w.S###.....
###.##
..w....#gg@gr.....
#.# #..gK####!....
#.# #..### >.. ##.#
#g## # #..# #.# #.##
#.# #.# #g# #.#
#g##### #.#
#.#...#############.#


You could see a worm, Robin, an adder, a hobgoblin, 3 goblins, a kobold and a
rat.

Vanquished Creatures
  2 dart slugs (D:1)
  An endoplasm (D:1)
  A giant cockroach (D:1)
  2 hobgoblins (D:1)
  2 ball pythons
  A bat (D:1)
  A frilled lizard (D:1)
  A goblin (D:1)
  A rat (D:1)
12 creatures vanquished.

Notes
Turn   | Place    | Note
-------+----------+-------------------------------------------
     0 | D:1      | RepoMan the Deep Elf Arcane Marksman began the quest for
                  | the Orb.
     0 | D:1      | Reached XP level 1. HP: 11/11 MP: 5/5
   775 | D:1      | Reached XP level 2. HP: 16/16 MP: 6/6
   890 | D:1      | You fall into a shaft and drop 1 floor!
   944 | D:2      | Noticed Robin
   960 | D:2      | Gained mutation: You are dopey. (Int -2) [potion of
                  | mutation]
   960 | D:2      | Gained mutation: You are partially covered in iridescent
                  | scales. (AC +2) [potion of mutation]
   960 | D:2      | Gained mutation: You are strong-willed. (Will+) [potion of
                  | mutation]
   963 | D:2      | Slain by an adder

Illustrated notes

Levels and vault maps discovered:
D:1:      eino_arrival_water_cross, layout_basic
D:2:      layout_loops_cross, uniq_robin, uniq_crazy_yiuf_cottage

Skill      XL: |  1  2 |
---------------+-------+-----
Ranged Weapons | 3 4 |  4.1
Fighting       | |  0.7
Dodging        | |  2.4
Spellcasting   | |  1.5
Hexes          | |  4.0

Action                   || total
-------------------------++-------
 Fire: Sling             ||    36
 Cast: Slow              ||     7
  Use: Potion            ||     5
       Scroll            ||     2
Armor: Robe              ||     4
Dodge: Dodged            ||    11

Table legend: (Time is in decaauts)
 A = Elapsed time spent in this place.
 B = Non-inter-level travel time spent in this place.
 C = Inter-level travel time spent in this place.
 D = Time resting spent in this place.
 E = Time spent auto-exploring this place.
 F = Levels seen in this place.
 G = Mean time per level.
                   A        B        C        D        E       F      G
               +--------+--------+--------+--------+--------+-----+--------+
         Total |    971 |    971 |      0 |    254 |    545 |   2 |  485.5 |
       Dungeon |    971 |    971 |      0 |    254 |    545 |   2 |  485.5 |
               +--------+--------+--------+--------+--------+-----+--------+

Top non-repeatable levels by time:
     D:1: 897 daAuts
     D:2: 73 daAuts
